Cogmind - Beta 14 @@@ ROGUE MODE // 2025.05.02 @ 18:30:11 Player: Quartz Result: Destroyed by G-47 Trooper with Particle Gun Performance ------------- Evolutions (2) 1000 Regions Visited (3) 600 Robots Destroyed (52) 260 Value Destroyed (1299) 1299 Prototype IDs (3) 60 Alien Tech Used (0) 0 Bonus (15) 15 TOTAL SCORE: 3234 Bonus ------- High Alert Combat Kills 15 Cogmind --------- Core Integrity 0/550 Matter 40/300 Energy 100/100 System Corruption 0% Temperature Cool (9) Movement Core (700) Ox13 Location -8/Materials Parts ------- > --- POWER (1) -------- (None) > --- PROPULSION (4) --- (None) > --- UTILITY (3) ------ High-capacity Storage Unit Power Shielding > --- WEAPON (3) ------- (None) > --- INVENTORY (20) --- Deuterium Engine Deuterium Engine Deuterium Engine High-capacity Matter Pod (200) Weight Redist. System Power Shielding Improved Power Shielding Hardened Light Armor Plating Shock Rifle Shock Rifle Heavy Particle Cannon Heavy Particle Cannon Rocket Launcher Improved Datajack Welding Torch Heavy Mace Peak State ------------ > --- POWER ------------ Deuterium Engine > --- PROPULSION ------- Armored Treads Advanced Treads Advanced Treads Armored Wheel > --- UTILITY ---------- High-capacity Storage Unit Power Shielding Hardened Light Armor Plating > --- WEAPON ----------- Shock Rifle Improved Assault Rifle Improved Assault Rifle > --- INVENTORY -------- Deuterium Engine Deuterium Engine Deuterium Engine High-capacity Matter Pod Weight Redist. System Power Shielding Improved Power Shielding Hardened Light Armor Plating Shock Rifle Heavy Particle Cannon Heavy Particle Cannon Light Cannon Rocket Launcher Improved Datajack Welding Torch Heavy Mace [Rating: 30] Favorites ----------- Power Ion Engine Engine Ion Engine Propulsion Advanced Treads Treads Advanced Treads Leg Aluminum Leg Wheel Armored Wheel Utility High-capacity Storage Unit Device Seismic Detector Storage High-capacity Storage Unit Protection Propulsion Shielding Weapon Spread Laser Energy Gun Spread Laser Energy Cannon Heavy Particle Cannon Ballistic Gun Light Assault Rifle Ballistic Cannon Light Cannon Launcher EMP Blaster Impact Weapon Heavy Mace Special Melee Weapon Datajack Build | -11 -10 -9 -8 ------- Run | Yrd Mat Mat Mat Slots Evolved 4 | . . 2 2 Power . | . . . . Propulsion 2 | . . 1 1 Utility 1 | . . 1 . Weapon 1 | . . . 1 Parts Attached 60 | 6 11 31 12 Power 3 | 1 . 1 1 Engine 3 | 1 . 1 1 Core . | . . . . Reactor . | . . . . Propulsion 15 | 2 2 7 4 Treads 7 | . . 4 3 Leg 2 | . 2 . . Wheel 6 | 2 . 3 1 Hover . | . . . . Flight . | . . . . Utility 10 | 1 4 5 . Device 2 | . 1 1 . Storage 3 | 1 2 . . Processor . | . . . . Hackware . | . . . . Protection 5 | . 1 4 . Artifact . | . . . . Weapon 32 | 2 5 18 7 Energy Gun 10 | . 2 7 1 Energy Cannon 6 | . . 4 2 Ballistic Gun 8 | 2 . 4 2 Ballistic Cannon 3 | . . 2 1 Launcher 3 | . 2 1 . Special Weapon . | . . . . Impact Weapon 1 | . . . 1 Slashing Weapon . | . . . . Piercing Weapon . | . . . . Special Melee Weapon 1 | . 1 . . Unidentified Prototypes 3 | . . 3 . Parts Lost 13 | . 2 2 9 Power 1 | . . . 1 Propulsion 4 | . 1 . 3 Utility 4 | . 1 2 1 Weapon 4 | . . . 4 Highest Loss Streak 8 | . 1 1 8 To Critical Strikes . | . . . . Average Slot Usage (%) 95 | . 96 94 91 Engine 11 | . 14 11 8 Treads 13 | . . 28 6 Leg 8 | . 20 . . Wheel 6 | . 5 1 26 Device 5 | . 3 8 . Storage 11 | . 14 11 9 Protection 11 | . 10 11 17 Energy Gun 12 | . 12 15 6 Energy Cannon 1 | . . 2 2 Ballistic Gun 2 | . 4 . 4 Ballistic Cannon 2 | . . 2 7 Launcher 4 | . 10 . . Peak Build Rating 30 | 6 11 24 30 Average Rating 16 | 3 9 19 24 On Entrance 8 | . 6 11 18 Naked Turns . | . . . . Heaviest Build 70 | 12 52 62 70 Greatest Support 66 | 20 20 66 64 Greatest Overweight (x) 20 | . 4 20 5 Average Overweight (x) 1 | . 2 . . Largest Inventory Capacity 20 | 8 20 20 20 Average Capacity 19 | 6 19 20 20 Most Carried 20 | 5 20 20 20 Average Carried 17 | 1 15 19 18 Final Capacity 20 | 8 20 20 20 Final Carried 19 | 1 19 18 16 Class Distribution -------------------- 95% | Mutant 4% | Tank Dominant Class ---------------- Mutant | -10/Materials Mutant | -9/Materials Mutant | -8/Materials Resources | -11 -10 -9 -8 ----------- Run | Yrd Mat Mat Mat Matter Collected 1225 | 140 496 464 125 Remotely . | . . . . Salvage Created 1586 | . 373 815 398 Parts 113 | . 23 64 26 Haulers Intercepted 5 | . 1 3 1 Recyclers Shooed 3 | . 1 . 2 Parts Field Recycled . | . . . . Retrieved Matter . | . . . . Parts Self-Destructed . | . . . . Prevented . | . . . . Kills | -11 -10 -9 -8 ------- Run | Yrd Mat Mat Mat Combat Hostiles Destroyed 37 | . 8 23 6 Guns 29 | . 6 20 3 Cannons 4 | . . 1 3 AOE 4 | . 2 2 . Classes Destroyed 9 | . 6 2 1 Worker 2 | . 2 . . Hauler 5 | . 1 3 1 Recycler 4 | . 1 . 3 Operator 2 | . 1 . 1 Watcher 2 | . . 1 1 Swarmer 8 | . 1 3 4 Grunt 21 | . 7 14 . Sentry 7 | . . 6 1 Heavy 1 | . . . 1 Best Kill Streak 4 | . 4 4 3 Combat Bots Only 3 | . 3 3 3 Max Kills in Single Turn 3 | . 3 1 2 Gunslinging . | . . . . Exploded 1 | . 1 1 . Melee . | . . . . Uniques/NPCs Destroyed . | . . . . Combat | -11 -10 -9 -8 -------- Run | Yrd Mat Mat Mat Hostile Shots Fired 294 | . 47 95 152 Missed 73 | . 14 23 36 Damage Taken 3279 | . 379 988 1912 Core 914 | . 128 228 558 Absorbed by Shields . | . . . . Redirected to Shielding 85 | . 3 50 32 Regen/Repaired (Parts) 70 | . . 70 . Core Remaining (%) 63 | 100 48 43 . Volleys Fired 152 | . 46 72 34 Largest 3 | . 2 2 3 Hottest 185 | . 83 150 185 Shots Fired 286 | . 63 143 80 Gun 192 | . 58 100 34 Cannon 85 | . . 39 46 Launcher 9 | . 5 4 . Special . | . . . . Kinetic 99 | . 25 30 44 Thermal 177 | . 33 109 35 Explosive 4 | . 4 . . Electromagnetic 6 | . 1 4 1 Robot Hit Streak 16 | . 8 16 14 Robot Miss Streak 6 | . 4 6 6 Penetration Max . | . . . . Secondary Targets 3 | . . 3 . Max Gunslinging Chain 1 | . . 1 . Shots Hit Robots 198 | . 35 107 56 Core Hits 176 | . 27 108 41 Critical Kills . | . . . . Critical Parts Destroyed . | . . . . Critical Strikes 2 | . 2 . . Burn 2 | . 2 . . Melee Attacks 3 | . 2 . 1 Impact 1 | . . . 1 Slashing . | . . . . Piercing . | . . . . Sneak Attacks 1 | . . . 1 Combat Hostiles . | . . . . Follow-up Attacks . | . . . . Damage Inflicted 3469 | . 739 1682 1048 Guns 1856 | . 331 1117 408 Cannons 1013 | . . 454 559 Explosions 505 | . 394 111 . Melee 81 | . . . 81 Ramming 14 | . 14 . . Kinetic 921 | . 106 318 497 Thermal 1954 | . 248 1253 453 Explosive 324 | . 324 . . Electromagnetic 175 | . 47 111 17 Impact 81 | . . . 81 Slashing . | . . . . Piercing . | . . . . Highest Corruption 1 | . 1 . . Average Corruption 1 | . 1 . . Corruption Purged . | . . . . Corruption Blocked . | . . . . Effects 3 | . 3 . . Message Errors 1 | . 1 . . Matter Fused 2 | . 2 . . Overload Shots . | . . . . Overflow Damage 34 | . . 5 29 Projectiles 13 | . . 5 8 Explosions . | . . . . Melee 21 | . . . 21 Knockbacks 9 | . 1 5 3 Impact 1 | . 1 . . Kinetic 8 | . . 5 3 Secondary . | . . . . Self-Inflicted Damage 47 | . 35 12 . Shots 2 | . 1 1 . Rammed 2 | . 2 . . Targets Rammed 2 | . 2 . . Kicked . | . . . . Crushed . | . . . . Highest Temperature 740 | . 88 586 740 Average Temperature 145 | . 26 155 185 Received Heat Transfer 1221 | . 168 333 720 Effects 47 | . . 28 19 Shutdowns 6 | . . 3 3 Energy Bleed 2 | . . 1 1 Interference 4 | . . 2 2 Matter Decay 5 | . . 3 2 Short Circuit 8 | . . 4 4 Damage (minor) 7 | . . 3 4 Damage (major) 11 | . . 10 1 Damage (core) 4 | . . 2 2 Siege Activations . | . . . . Robots Corrupted . | . . . . Combat Hostiles . | . . . . Parts Fried 2 | . . 1 1 Impact Corruptions 1 | . . . 1 Robots Melted . | . . . . Combat Hostiles . | . . . . Parts Melted 1 | . 1 . . Heat Transferred 3066 | . 814 1637 615 Parts Sabotaged . | . . . . Parts Stolen . | . . . . Parts Stripped . | . . . . Power Chain Reactions 3 | . 3 . . Alert | -11 -10 -9 -8 ------- Run | Yrd Mat Mat Mat Peak Influence 469 | . 181 376 469 Initial 158 | . . . 158 Average 140 | . 40 181 335 Maximum Alert Level 2 | . . 1 2 Low Security (%) 71 | 100 100 57 27 Level 1 21 | . . 42 25 Level 2 6 | . . . 46 Level 3 . | . . . . Level 4 . | . . . . Level 5 . | . . . . High Security . | . . . . Max Security . | . . . . Squads Dispatched 15 | . 5 7 3 Investigation 8 | . 2 6 . Extermination . | . . . . Reinforcement 7 | . 3 1 3 Assault . | . . . . Garrison . | . . . . Intercept . | . . . . Searches Triggered . | . . . . Construction Impeded 2 | . . . 2 Haulers Reinforced . | . . . . Active Scanning Responses . | . . . . Cargo Convoy Interrupts . | . . . . Stealth | -11 -10 -9 -8 --------- Run | Yrd Mat Mat Mat Distress Signals 4 | . 1 2 1 Communications Jammed . | . . . . Distress Signals . | . . . . Times Spotted 63 | . 17 29 17 Peak Tracking Total 5 | . 3 5 4 Tactical Retreats 4 | . 1 . 3 Traps | -11 -10 -9 -8 ------- Run | Yrd Mat Mat Mat Traps Triggered 3 | . 2 1 . Indirectly . | . . . . Trap Hack Attempts . | . . . . Triggered . | . . . . Disarmed . | . . . . Reprogrammed 7 | . 1 6 . Reused 5 | . 1 4 . Traps Extracted . | . . . . Installed . | . . . . Triggered 5 | . 1 4 . Machines | -11 -10 -9 -8 ---------- Run | Yrd Mat Mat Mat Machines Disabled 2 | . . 2 . Max in Single Turn 1 | . . 1 . Machines Repaired . | . . . . Machines Dismantled . | . . . . Machines Sabotaged . | . . . . Overloaded Fab Kills . | . . . . Hacking | -11 -10 -9 -8 --------- Run | Yrd Mat Mat Mat Machines Accessed 14 | . 4 7 3 Terminals 9 | . 2 5 2 Fabricators . | . . . . Repair Stations 2 | . . 2 . Recycling Units 2 | . 2 . . Scanalyzers 1 | . . . 1 Garrison Access . | . . . . Total Hacks 42 | . 10 22 10 Successful 24 | . 7 9 8 Failed 18 | . 3 13 2 Catastrophic 3 | . . 3 . Database Lockouts . | . . . . Manual . | . . . . Terminals 30 | . 8 14 8 Fabricators . | . . . . Repair Stations 8 | . . 8 . Recycling Units 2 | . 2 . . Scanalyzers 2 | . . . 2 Garrison Access . | . . . . Terminal Hacks 15 | . 5 4 6 Record 4 | . 2 . 2 Emergency Access Points 1 | . . 1 . Locate Traps 1 | . . 1 . Reprogram Traps 2 | . 1 1 . Dispatch Records 1 | . . . 1 Maintenance Status 1 | . . . 1 Hauler Manifests 1 | . 1 . . Zone Layout 4 | . 1 1 2 Fabricator Hacks . | . . . . Repair Station Hacks 5 | . . 5 . Scan Component 4 | . . 4 . Repair 1 | . . 1 . Recycling Unit Hacks 2 | . 2 . . Report Inventory 2 | . 2 . . Scanalyzer 2 | . . . 2 Insert Component 1 | . . . 1 Analyze 1 | . . . 1 Garrison Access Hacks . | . . . . Unauthorized Hacks . | . . . . Terminals . | . . . . Fabricators . | . . . . Repair Stations . | . . . . Recycling Units . | . . . . Scanalyzers . | . . . . Garrison Access . | . . . . Data Cores Recovered 1 | . . . 1 Used . | . . . . Hacking Detections 12 | . 4 6 2 Full Trace Events 7 | . 1 6 . Feedback Events . | . . . . Feedback Blocked . | . . . . Robot Schematics Acquired . | . . . . Robots Built . | . . . . Authchips . | . . . . Time . | . . . . Total Robot Build Rating . | . . . . Part Schematics Acquired 1 | . . . 1 Parts Built . | . . . . Authchips . | . . . . Time . | . . . . Total Part Build Rating . | . . . . Parts Repaired 1 | . . 1 . Time 53 | . . 53 . Parts Recycled . | . . . . Recycled Matter . | . . . . Retrieved Matter . | . . . . Retrieved Components . | . . . . Parts Scanalyzed 1 | . . . 1 Part Schematics Acquired 1 | . . . 1 Parts Damaged . | . . . . Bothacking | -11 -10 -9 -8 ------------ Run | Yrd Mat Mat Mat Used RIF Installer . | . . . . Robots Hacked 1 | . 1 . . Non-combat . | . . . . Combat 1 | . 1 . . Robot Hacks Applied 2 | . 2 . . parse_system 2 | . 2 . . Relay Couplers Released . | . . . . Fabnet Peak Effective % . | . . . . Robots Rewired . | . . . . Allies Hacked . | . . . . Hacks Repelled . | . . . . Allies | -11 -10 -9 -8 -------- Run | Yrd Mat Mat Mat Total Allies . | . . . . Largest Group . | . . . . Highest-Rated Group . | . . . . Highest-Rated Ally . | . . . . Total Orders . | . . . . Ally Attacks . | . . . . Total Damage . | . . . . Kills . | . . . . Allies Corrupted . | . . . . Allies Melted . | . . . . Intel | -11 -10 -9 -8 ------- Run | Yrd Mat Mat Mat Robot Analysis Total . | . . . . Derelict Logs Recovered . | . . . . Drone Launches . | . . . . Drone Recoveries . | . . . . Exploration | -11 -10 -9 -8 ------------- Run | Yrd Mat Mat Mat Turns Passed 3110 | 36 1289 1379 406 Spaces Moved 1317 | 32 541 555 189 Core 10 | 6 . 4 . Treads 522 | . . 501 21 Legs 332 | . 324 8 . Wheels 453 | 26 217 42 168 Hover . | . . . . Flight . | . . . . Fastest Speed 50 | 50 80 105 105 Average Speed 165 | 74 201 154 112 Slowest Speed 1050 | 80 260 1050 233 Overloaded Moves . | . . . . Propulsion Burnouts . | . . . . Robots Hopped . | . . . . Cave-ins Triggered . | . . . . Exploration Rate (%) 37 | 3 83 48 16 Regions Visited 3 Branch Regions . Pre-discovered Areas . | . . . . Known Exits Taken . | . . . . Unknown Exits Taken 3 | 1 1 1 . Scrap Searched . | . . . . Spaces Dug . | . . . . Terrain Destroyed 56 | . 39 9 8 Melee . | . . . . Projectile 17 | . . 9 8 AOE 39 | . 39 . . Terrain Rammed . | . . . . Walls Destroyed . | . . . . Machines Disabled . | . . . . Actions | -11 -10 -9 -8 --------- Run | Yrd Mat Mat Mat Total 1970 | 44 682 933 311 Wait 339 | . 52 231 56 Move 1314 | 31 540 554 189 Hop . | . . . . Pick Up 62 | 7 24 22 9 Fast Attach 5 | . 1 3 1 Attach 25 | 6 5 9 5 Detach 3 | . 1 2 . Swap 30 | . 5 19 6 Drop 35 | . 4 21 10 Fire 152 | . 46 72 34 Melee 3 | . 2 . 1 Ram 2 | . 2 . . Kick . | . . . . Crush . | . . . . Escape Stasis . | . . . . Rewire . | . . . . Trap . | . . . . Miscellaneous . | . . . . Route ------- -11/Scrapyard -10/Materials (discovered 4 exits: *Mat x3 / [*Min]) -9/Materials (discovered 2 exits: *Mat / [*Min]) -8/Materials History --------- Turn | Location | Event 18 | -11/Scrapyard | Discovered new exit (range 16) 37 | -11/Scrapyard | Entered Materials 182 | -10/Materials | Discovered new exit (range 4) 301 | -10/Materials | Build established: Mutant 354 | -10/Materials | Discovered new exit (range 7) 535 | -10/Materials | Discovered new exit (range 16) 785 | -10/Materials | Discovered new exit (range 7) 809 | -10/Materials | Core integrity fell below 50% 1326 | -10/Materials | Entered another Materials area 1326 | -9/Materials | Evolved 2 slots: Propulsion x1, Utility x1 1860 | -9/Materials | Discovered new exit (range 16) 2326 | -9/Materials | Repaired Broken Adv. Treads 2401 | -9/Materials | Discovered new exit (range 9) 2600 | -9/Materials | Core integrity fell below 50% 2705 | -9/Materials | Entered another Materials area 2705 | -8/Materials | Evolved 2 slots: Propulsion x1, Weapon x1 3035 | -8/Materials | Core integrity fell below 50% 3104 | -8/Materials | Core integrity fell below 20% 3111 | -8/Materials | Destroyed by G-47 Trooper with Particle Gun Last Messages --------------- 03056_ G-47 Trooper knocked back. 03056_ Penetrated by Slug. 03057_ Critical hit (Burn: +37). 03059_ Imp. Assault Rifle destroyed. 03059_ H-55 Commando destroyed. 03063_ ALERT: Construction progress impeded, dispatching reinforcements to local area. 03069_ U-05 Engineer builds a Door. 03071_ Hrd. Light Armor Plating destroyed. 03073_ U-05 Engineer destroyed. 03081_ Adv. Treads destroyed. 03082_ U-05 Engineer destroyed. 03083_ Acquired 10 matter. 03093_ Flak Cannon destroyed. 03100_ Adv. Treads destroyed. 03103_ Imp. Assault Rifle destroyed. 03104_ Arm. Treads destroyed. 03104_ Critical hit (Burn: +37). 03106_ Deuterium Engine destroyed. 03109_ Critical hit (Burn: +37). Map ----- +----------------------------------------------------+ | "" ## #???????????????????????????? | | ## #???????????????????????????? | | + #???????????????????????????? | | ####### ############???????????????????????????? | | ####+## ##???????????????????????????? | | """ ## # ##???????????????????????????? | | """ ## # """ """ ##???????????????????????????? | | """ ## # """ """ ##???????????????????????????? | | ## # """ """ ##???????????????????????????? | | ## # ##???????????????????????????? | | ########+######### #???????????????????????? | | " #???????????????????????? | | ######## %% #???????????????????????? | | ???????# ###/######## #???????????????????????? | | ######?# #%*%= ## #???????????????????????? | | # %### # ] ## #???????????????????????? | | # ! =#! !" ## #???????????????????????? | | # +!* ## #???????????????????????? | | # ######% ## ##??#####???????????????? | | ## ##????# ## +?? #???????????????? | | ## #?????# ## #??"" #???????????????? | | # ################## #?"Y" #???????????????? | | # %# !!* #?##????#= # #???????????????? | | # # !!* #?# #???#%*!+ """ #???????????????? | | # # !! #### ####ggg#g[ """ #???????????????? | | # # #########*%!@u """ #???????????????? | | + / + %%u|%!# #???????????????? | | # # ! ##########+##########???????????????? | | ## # #????# =! =%**[#????????????????????? | | + # % "T" #????# !!== #????????????????????? | | # # *=!""" #????# % ]! #????????????????????? | | # ###/########### #????????????????????? | | # #% % # #????????????????????? | | # # # """ """ #????????????????????? | | # # /! # """ """ ##???????????????????? | | # # /!! # """ """ ##???????????????????? | | + + /! ! ###########????????????????????? | | # # #????# ???????????????????????? | | ## #################### ???????????????????????? | | # # / ???????????????????????? | | # """ """ ###### ???????????????????????? | | + """ """ #????# ???????????????????????? | | # # """ """ #????###???????????????????????? | | ###### #??????????????????????????????? | | ?????##############??????????????????????????????? | | ?????????????????????????????????????????????????? | | | | | | | | | +----------------------------------------------------+ Best States ------------- Heat Dissipation 31 Energy Generation 14 Energy Capacity 275 Matter Stores 300 Matter Capacity 300 Sight Range 16 Terrain Scan Density 10 Armor Coverage 300 Power Shielding 33 Propulsion Shielding 33 Evasion (%) 44 Recoil Reduction 3 Item Schematics ----------------- Adv. Treads | -8/Materials | Scanalyzed Robot Schematics ------------------ None Fabricated ------------ Nothing Alien Tech Used ----------------- None Achievements -------------- Party Time Challenges ------------ None Game ------ Seed SuspensionTripodBlaster Manual? 0 Play Time 00:36:24 Cumulative 4.2 hours Start 2025.05.02 @ 17:55:44 End 2025.05.02 @ 18:30:11 Sessions 1 Manual Loads 0 Difficulty Rogue Special Mode None Game No. 9 Rogue 9 Adventurer 0 Explorer 0 Win Type - Total 0 Types 0/0/0/0/0/0/0/0/0 Lore% 3 Gallery% 8 Achievement% 10 Wizard Run 0 Options --------- Layout 1 ASCII 0 Keyboard 0 Movement Mouse Keybinds 0 Fullscreen 1 Font 24/Smallcaps Map View 50x35 Zoom Use 0% Tactical HUD 1 Map Filters NONE Filters NONE Steam 1 RUN: 9938f0fb-a924-4659-9be5-6d30cbcd6fd4